 Dungeon Crawl Stone Soup version 0.17-a0-2208-ge5ab1d3 (webtiles) character file.

9 concernedbohemian the Vexing (level 2, -13/21 HPs)
             Began as a Vampire Arcane Marksman on Oct 26, 2015.
             Mangled by a gnoll
             ... wielding a +0 halberd
              (14 damage)
             ... on level 2 of the Dungeon.
             The game lasted 00:08:34 (429 turns).

concernedbohemian the Vexing (VpAM)                  Turns: 429, Time: 00:08:34

Health: -13/21     AC:  2    Str: 10    XL:     2   Next: 3%
Magic:  3/3        EV: 12    Int: 15    God:
Gold:   55         SH:  0    Dex: 13    Spells: 1 memorised, 2 levels left

rFire  . . .     SeeInvis +     m - +0 falchion
rCold  . . .     Clarity  .     c - +0 robe
rNeg   + . .     SustAt   .     (no shield)
rPois  .         Gourm    .     (no helmet)
rElec  .         Spirit   .     (no cloak)
rCorr  .         Warding  .     (no gloves)
rMut   .         Stasis   .     (no boots)
MR     .....                    (no amulet)
Stlth  +.........               (no ring)
                                (no ring)

@: not resistant to hostile enchantments, very unstealthy
A: fangs 3, see invisible, unbreathing
a: no special abilities


You were on level 2 of the Dungeon.
You were not thirsty.

You visited 1 branch of the dungeon, and saw 2 of its levels.

You collected 55 gold pieces.

Inventory:

Hand Weapons
 a - a +0 shortbow
 f - a +0 club
 g - a +0 club
 h - a +0 dagger
 j - a +0 club
 l - a +0 hand axe
 m - a +0 falchion (weapon)
Missiles
 b - 12 arrows
 i - 50 stones (quivered)
Armour
 c - a +0 robe (worn)
 k - a +0 leather armour
Potions
 e - 6 potions of blood
Books
 d - a book of Debilitation

   Spells                             Type                      Level
   a - Corona                         Hexes                        1
   b - Slow                           Hexes                        2
   c - Gell's Gravitas                Hexes/Translocation          3
   d - Inner Flame                    Hexes/Fire                   3
   e - Cause Fear                     Hexes                        4
   f - Leda's Liquefaction            Hexes/Earth                  4


   Skills:
 * Level 1.0 Fighting
 + Level 1.7 Bows
 + Level 2.2 Dodging
 + Level 1.0 Spellcasting
 + Level 4.9 Hexes


You had 2 spell levels left.
You knew the following spells:

 Your Spells              Type           Power        Failure   Level  Hunger
a - Corona                Hex            ###....      3%          1    ##.....


Dungeon Overview and Level Annotations

Branches:
Dungeon (2/15)

Altars:


Innate Abilities, Weirdness & Mutations

You have razor-sharp teeth.
You have supernaturally acute eyesight.
You can survive without breathing.


Message History

The gnoll is moderately wounded.
The gnoll barely misses you. The gnoll misses you.
You hit the gnoll but do no damage.
The gnoll is moderately wounded.
The gnoll barely misses you. The gnoll closely misses you.
The gnoll barely misses you.
You closely miss the gnoll.
The gnoll is moderately wounded.
The gnoll barely misses you. The gnoll misses you.
You barely miss the gnoll.
The gnoll is moderately wounded.
The gnoll barely misses you. The gnoll hits you but does no damage.
The gnoll hits you.
* * * LOW HITPOINT WARNING * * *
The gnoll completely misses you. The gnoll barely misses you.
The gnoll hits you with a whip.
* * * LOW HITPOINT WARNING * * *
The gnoll hits you from afar with a halberd!
Ouch! That really hurt!
You die...

.....# #.###.##
#....(...# .....#
#...#..#+##..(......
..... #...........(#
... #............#
.#######............#
.........###........#
.#####..%..#....g...#
.# #.....#....gg..#
.. +.....'...>@...#
### #.....#........#
#.....#........#
#.....#........#
#.....#........#
#.....#........#
#.....##########
#.....# #.....#


You could see 3 gnolls.

Vanquished Creatures
  A bat (D:1)
  A hobgoblin (D:1)
  A kobold (D:1)
  2 goblins (D:1)
  5 rats
10 creatures vanquished.

Vanquished Creatures (others)
  A draconian (D:1)
  2 vine stalkers (D:1)
  An elf (D:1)
  2 trolls (D:1)
  3 formicids (D:1)
  A naga (D:1)
  2 centaurs (D:1)
  3 ogres (D:1)
  4 tentacles (D:1)
  92 tentacle segments (D:1)
111 creatures vanquished.

Grand Total: 121 creatures vanquished

Notes
Turn   | Place    | Note
--------------------------------------------------------------
     0 | D:1      | concernedbohemian the Vampire Arcane Marksman began the quest for the Orb.
     0 | D:1      | Reached XP level 1. HP: 14/14 MP: 2/2
     3 | D:1      | Killed an ogre
     4 | D:1      | Noticed a formicid
     4 | D:1      | Noticed an ogre
     4 | D:1      | Noticed an ogre
     4 | D:1      | Noticed a vine stalker
     4 | D:1      | Noticed a centaur
     4 | D:1      | Noticed a draconian
     4 | D:1      | Noticed a kraken
     4 | D:1      | Noticed a troll
     4 | D:1      | Noticed a vine stalker
     4 | D:1      | Noticed a formicid
     4 | D:1      | Noticed a centaur
     4 | D:1      | Noticed a formicid
     4 | D:1      | Noticed a troll
     4 | D:1      | Noticed a naga
     4 | D:1      | Noticed an elf
     4 | D:1      | Killed an ogre
     4 | D:1      | Killed a naga
     5 | D:1      | Killed a vine stalker
     5 | D:1      | Killed a troll
     6 | D:1      | Killed an elf
     7 | D:1      | Killed a formicid
     8 | D:1      | Killed an ogre
     9 | D:1      | Killed a formicid
     9 | D:1      | Killed a centaur
    10 | D:1      | Killed a formicid
    11 | D:1      | Killed a centaur
    11 | D:1      | Killed a draconian
    11 | D:1      | Killed a troll
    12 | D:1      | Killed a vine stalker
   293 | D:1      | Reached XP level 2. HP: 20/20 MP: 3/3
   414 | D:2      | Reached skill level 1 in Fighting
   427 | D:2      | HP: 1/21 [gnoll/whip (5)]
   429 | D:2      | Mangled by a gnoll

Vault maps used:
D:1:      nicolae_arrival_kraken_aquarium_b, serial_bayou_pond_a,
          serial_park_tiny_pond, hangedman_decor_clover_reticule
D:2:      first_bread

Action                   || total
-------------------------++-------
Melee: Falchion          ||     4
 Fire: Shortbow          ||    27
  Use: Potion            ||     1
